 Dungeon Sprint DCSS version 0.21.0-24-g2553a33 (webtiles) character file.

10400000 letownia2 the Axe Maniac (level 27, -24/273 HPs)
             Began as a Ghoul Fighter on Jan 21, 2018.
             Was the Champion of Makhleb.
             Killed by dispel undead
             ... invoked by a wretched soul
              (60 damage)
             ... in the Dungeon (Sprint VIII: "Arena of Blood").
             The game lasted 00:03:23 (104 turns).

letownia2 the Axe Maniac (Ghoul Fighter)             Turns: 104, Time: 00:03:23

Health: -24/273    AC: 13    Str: 24    XL:     27
Magic:  41/53      EV: 30    Int:  3    God:    Makhleb [******]
Gold:   0          SH:  0    Dex: 17    Spells: 80/80 levels left

rFire    + . .     SeeInvis .   l - +∞ Axe of Woe
rCold    + . .     Gourm    .   (shield currently unavailable)
rNeg     + + +     Faith    .   b - +0 scale mail
rPois    ∞         Spirit   .   (no helmet)
rElec    .         Reflect  .   (no cloak)
rCorr    .         Harm     .   (no gloves)
MR       ++...     NoTele   +   (no boots)
Stlth    ++++++++..             (no amulet)
HPRegen  0.00/turn              m - ring of protection from fire
MPRegen  0.33/turn              (no ring)

@: rotting, slowed, lost intelligence, very slow
A: rotting body, claws 1, carnivore, cold resistance 1, negative energy
resistance 3, inhibited regeneration, torment resistance, unbreathing
a: Minor Destruction, Lesser Servant of Makhleb, Major Destruction, Greater
Servant of Makhleb, Renounce Religion


You were in the Dungeon.
You worshipped Makhleb.
Makhleb was exalted by your worship.
You were not hungry.

You visited 1 branch

Inventory:

Hand Weapons
 a - a +0 war axe
 l - the +∞ Axe of Woe (weapon)
   (You found it in the Dungeon)
Armour
 b - a +0 scale mail (worn)
 c - a +0 shield
Jewellery
 m - a ring of protection from fire (left claw)
Scrolls
 k - a scroll of blinking
Potions
 d - a potion of might
 e - a potion of curing
 g - a potion of heal wounds
 h - a potion of haste
 i - 2 potions of magic
 j - a potion of berserk rage


   Skills:
 O Level 27 Fighting
 O Level 27 Axes
 O Level 27 Throwing
 O Level 27 Armour
 O Level 27 Dodging
 O Level 27 Stealth
 O Level 27 Shields
 O Level 27 Unarmed Combat
 O Level 27 Spellcasting
 O Level 27 Invocations


You had 80 spell levels left.
You didn't know any spells.

Dungeon Overview and Level Annotations

Branches:
Dungeon (1/1)

Altars:
Makhleb


Innate Abilities, Weirdness & Mutations

Your body is rotting away.
You thrive on raw meat.
You are immune to poison.
You have sharp fingernails.
You are carnivorous and can eat meat at any time.
Your flesh is cold resistant. (rC+)
You are immune to negative energy. (rN+++)
You do not regenerate when monsters are visible.
You are immune to unholy pain and torment.
You can survive without breathing.


Message History

Something bites you!
* * * LOW HITPOINT WARNING * * *
You hear a shout!
The eight-headed meat hydra appears out of thin air!
An eight-headed meat hydra comes into view.
Something bites you but does no damage.
Unknown command.
Unknown command.
Unknown command.
You hear a shout! x6; You feel something staring at you.
Something smites you!
* * * LOW HITPOINT WARNING * * *
Something completely misses you.
You hear a shout! x2
The accursed gestures at you while chanting.
Something smites you!
* * * LOW HITPOINT WARNING * * *
You hear a shout! x2
Something hits you but does no damage.
You convulse!
You die...

....#### . ........#### ..
...........#### ...
.............# ....
#...........#
.....####)..%.D%...#
.........)x......%.#
................)).)#).....#
.........%.....)@).).))..%.#
.........%.....{x...#).....#
#o......#.....z.......))...#
#.....%.#...........##..)..#
#.. ..%.###........%.%..)§§#
...###............M###..)§§#
...)_))..%))))))))).X%X.))%#
.#.))).#..%))))#.#.)))M.§)%#
#_.<)_#.§§)X)§§)))))§)§§x.#


You could see an accursed, an eight-headed meat hydra (wandering), a sculptor of
flesh and 2 crawling corpses.

Vanquished Creatures
  4 hell beasts (D)
  3 greater mummies (D)
  A great orb of eyes (D)
  3 wraiths (D)
  11 vampire knights (D)
  30 ogres (D)
  7 two-headed ogres (D)
  5 liches (D)
  A hydra (D)
  83 orcs (D)
  2 phantoms (D)
  A skeletal warrior (D)
  7 large abominations (D)
  8 small abominations (D)
  10 crawling corpses (D)
176 creatures vanquished.

Vanquished Creatures (others)
  A small abomination (D)
  5 crawling corpses (D)
6 creatures vanquished.

Grand Total: 182 creatures vanquished

Notes
Turn   | Place    | Note
-------+----------+-------------------------------------------
     0 | D        | Found the +∞ Axe of Woe
     0 | D        | letownia2 the Ghoul Fighter began the quest for the Orb.
     0 | D        | Reached XP level 1. HP: 19/19 MP: 0/0
     2 | D        | Noticed a bag of meat
     4 | D        | Noticed a bag of meat
     4 | D        | Noticed a bag of meat
     4 | D        | Noticed a bag of meat
     5 | D        | Noticed a bag of meat
     6 | D        | Noticed a bag of meat
     6 | D        | Noticed a bag of meat
     8 | D        | Noticed a bag of meat
     9 | D        | Killed a bag of meat
     9 | D        | Reached XP level 2. HP: 51/51 MP: 1/1
     9 | D        | Reached XP level 3. HP: 58/58 MP: 2/2
     9 | D        | Reached XP level 4. HP: 66/66 MP: 3/3
     9 | D        | Reached XP level 5. HP: 73/73 MP: 4/4
     9 | D        | Reached XP level 6. HP: 81/81 MP: 5/5
     9 | D        | Reached XP level 7. HP: 88/88 MP: 6/6
     9 | D        | Reached XP level 8. HP: 95/95 MP: 7/7
     9 | D        | Reached XP level 9. HP: 103/103 MP: 8/8
     9 | D        | Reached XP level 10. HP: 111/111 MP: 9/9
     9 | D        | Reached XP level 11. HP: 117/117 MP: 10/10
     9 | D        | Reached XP level 12. HP: 125/125 MP: 11/11
    10 | D        | Became a worshipper of Makhleb the Destroyer
    11 | D        | Noticed a meat berserker
    11 | D        | Noticed a meat berserker
    11 | D        | Killed a bag of meat
    11 | D        | Reached XP level 13. HP: 140/140 MP: 12/12
    11 | D        | Killed a bag of meat
    11 | D        | Reached * piety under Makhleb
    11 | D        | Reached XP level 14. HP: 155/155 MP: 13/13
    11 | D        | Killed a bag of meat
    11 | D        | Noticed a bag of meat
    12 | D        | Noticed a meat berserker
    12 | D        | Noticed a bag of meat
    12 | D        | Killed a bag of meat
    12 | D        | Reached skill level 10 in Dodging
    12 | D        | Reached XP level 15. HP: 166/166 MP: 14/14
    13 | D        | Killed a meat berserker
    13 | D        | Reached ** piety under Makhleb
    13 | D        | Reached XP level 16. HP: 174/174 MP: 15/15
    14 | D        | Killed a meat berserker
    14 | D        | Reached XP level 17. HP: 182/182 MP: 16/16
    14 | D        | Reached *** piety under Makhleb
    16 | D        | Killed a meat berserker
    16 | D        | Reached skill level 27 in Axes
    16 | D        | Reached skill level 27 in Dodging
    16 | D        | Reached XP level 18. HP: 190/190 MP: 17/17
    16 | D        | Reached **** piety under Makhleb
    18 | D        | Noticed a meat berserker
    19 | D        | Noticed a meat berserker
    20 | D        | Noticed a meat berserker
    20 | D        | Noticed a meat berserker
    20 | D        | Noticed a meat berserker
    20 | D        | Noticed a large bag of meat
    21 | D        | Noticed a meat berserker
    21 | D        | Noticed a meat berserker
    21 | D        | Killed a meat berserker
    21 | D        | Reached skill level 10 in Spellcasting
    21 | D        | Reached XP level 19. HP: 198/198 MP: 17/32
    22 | D        | Reached skill level 15 in Stealth
    22 | D        | Reached ***** piety under Makhleb
    22 | D        | Reached skill level 15 in Unarmed Combat
    22 | D        | Reached skill level 15 in Invocations
    24 | D        | Noticed a meat berserker
    24 | D        | Noticed a meat berserker
    24 | D        | Killed a meat berserker
    24 | D        | Reached skill level 15 in Spellcasting
    24 | D        | Reached XP level 20. HP: 206/206 MP: 18/38
    24 | D        | Killed a meat berserker
    25 | D        | Noticed a destroyer
    25 | D        | Noticed a meat berserker
    25 | D        | Noticed a large bag of meat
    26 | D        | Killed a meat berserker
    26 | D        | Reached XP level 21. HP: 214/214 MP: 18/42
    27 | D        | Noticed a meat berserker
    27 | D        | Killed a large bag of meat
    27 | D        | Reached ****** piety under Makhleb
    27 | D        | Reached skill level 27 in Stealth
    27 | D        | Reached XP level 22. HP: 222/222 MP: 19/46
    27 | D        | Reached skill level 27 in Unarmed Combat
    27 | D        | Reached skill level 27 in Invocations
    28 | D        | Reached skill level 27 in Throwing
    29 | D        | Reached skill level 27 in Spellcasting
    29 | D        | Reached XP level 23. HP: 234/234 MP: 19/53
    29 | D        | Killed a large bag of meat
    29 | D        | Reached skill level 27 in Fighting
    29 | D        | Reached skill level 27 in Armour
    30 | D        | Noticed a destroyer
    30 | D        | Reached skill level 27 in Shields
    30 | D        | Reached XP level 24. HP: 249/249 MP: 19/53
    31 | D        | Noticed a large bag of meat
    32 | D        | Killed a destroyer
    32 | D        | Reached XP level 25. HP: 229/257 MP: 20/53
    33 | D        | Noticed a large bag of meat
    34 | D        | Noticed a destroyer
    34 | D        | Reached XP level 26. HP: 266/266 MP: 20/53
    37 | D        | Noticed a destroyer
    37 | D        | Reached XP level 27. HP: 265/273 MP: 21/53
    38 | D        | Killed a destroyer
    39 | D        | Noticed a destroyer
    39 | D        | Noticed a destroyer
    39 | D        | Killed a large bag of meat
    42 | D        | Killed a large bag of meat
    43 | D        | Noticed a large bag of meat
    43 | D        | Noticed a destroyer
    43 | D        | Noticed a destroyer
    44 | D        | Noticed an accursed
    45 | D        | Killed a destroyer
    45 | D        | Noticed a large bag of meat
    46 | D        | Killed a destroyer
    47 | D        | Noticed an accursed
    47 | D        | Noticed a large bag of meat
    48 | D        | Killed a destroyer
    50 | D        | Noticed a destroyer
    51 | D        | Killed a destroyer
    53 | D        | Killed a destroyer
    53 | D        | Killed a destroyer
    54 | D        | Noticed a destroyer
    55 | D        | Killed a destroyer
    56 | D        | Killed a large bag of meat
    62 | D        | Noticed a tyrant
    64 | D        | Noticed an accursed
    65 | D        | Killed a destroyer
    65 | D        | Killed a large bag of meat
    66 | D        | Noticed a destroyer
    67 | D        | Noticed a dread
    68 | D        | Killed a large bag of meat
    71 | D        | Killed a destroyer
    71 | D        | Killed a dread
    73 | D        | Killed a tyrant
    74 | D        | Noticed a meat beast
    77 | D        | Killed a meat beast
    78 | D        | Noticed a dread
    78 | D        | Noticed a tyrant
    79 | D        | Noticed a dread
    79 | D        | Noticed a meat beast
    81 | D        | Killed a meat beast
    82 | D        | Noticed a tyrant
    84 | D        | Noticed a meat beast
    85 | D        | Killed a dread
    85 | D        | Killed a dread
    86 | D        | Noticed a meat beast
    87 | D        | Killed a tyrant
    89 | D        | Killed a meat beast
    89 | D        | Killed a meat beast
    90 | D        | Killed a tyrant
    92 | D        | Killed an accursed
    94 | D        | Killed an accursed
    94 | D        | Lost intelligence.
    95 | D        | Noticed a tyrant
    96 | D        | Noticed a tyrant
    97 | D        | Noticed an accursed
   100 | D        | Killed an accursed
   100 | D        | Killed a tyrant
   101 | D        | Killed a tyrant
   104 | D        | Killed from afar by a wretched soul

Skill      XL: |  1  2  3  4  5  6  7  8  9 10 11 12 13 14 15 16 17 18 19 20 21 22 23 |
---------------+----------------------------------------------------------------------+-----
Fighting       | 17 20 22 24 25 27 | 27.0
Axes           | 9 11 13 16 19 23 27 | 27.0
Armour         | 14 17 19 20 21 27 | 27.0
Shields        | 14 27 | 27.0
Dodging        | 10 16 22 27 | 27.0
Throwing       | 11 16 20 23 27 | 27.0
Stealth        | 13 20 24 27 | 27.0
Unarmed Combat | 12 19 23 26 27 | 27.0
Spellcasting   | 10 15 18 21 27 | 27.0
Invocations    | 12 19 23 26 27 | 27.0

Action                   |  1- 3 |  4- 6 |  7- 9 | 10-12 | 13-15 | 16-18 | 19-21 | 22-24 | 25-27 || total
-------------------------+-------+-------+-------+-------+-------+-------+-------+-------+-------++-------
Melee: Executioner's axe |     1 |       |       |     1 |     2 |     3 |     4 |     4 |    35 ||    50
  Eat: Ration            |       |       |       |       |       |       |       |       |     1 ||     1
Armor: Scale mail        |       |       |       |       |       |       |       |       |    13 ||    13
Dodge: Dodged            |       |       |       |       |       |       |       |       |    16 ||    16
